[Event "*** Titled Tuesday Blitz"]
[Site "Chess.com"]
[Date "2020.05.19"]
[Round "2"]
[White "Tsyhanchuk_Stanislav"]
[Black "Raja3401"]
[Result "0-1"]
[WhiteElo "2481"]
[BlackElo "2718"]
[TimeControl "180+1"]
[EndTime "12:18:27 PDT"]
[Termination "Raja3401 won on time"]

1. e4 c5 2. Nf3 d6 3. d4 cxd4 4. Nxd4 Nf6 5. Nc3 a6 6. Bg5 e6 7. f4 Qb6 8. Qd2 Qxb2 9. Rb1 Qa3 10. e5 dxe5 11. fxe5 h6 12. Bh4 Nfd7 13. Bg3 Qa5 14. Be2 Bb4 15. Rxb4 Qxb4 16. O-O O-O 17. Rf4 Nxe5 18.
Rh4 Ng6 19. Rg4 e5 20. Nf5 Qb6+ 21. Bf2 Qd8 22. Nd6 Bxg4 23. Bxg4 Nc6 24. Bc5 Qg5 25. Qd1 Rad8 26. Nce4 Rxd6 27. Nxd6 Nd4 28. Kh1 Nf4 29. Ne4 Qg6 30. Bxf8 Qxe4 31. Bf3 Nxf3 32. gxf3 Qg6 33. Qd2 Qc6 34. Qe3 Kxf8 0-1

[Event "*** Titled Tuesday Blitz"]
[Site "Chess.com"]
[Date "2020.05.19"]
[Round "2"]
[White "White_Ghost"]
[Black "PredragNikac"]
[Result "0-1"]
[WhiteElo "2446"]
[BlackElo "2275"]
[TimeControl "180+1"]
[EndTime "12:18:27 PDT"]
[Termination "PredragNikac won by checkmate"]

1. d4 Nf6 2. c4 e6 3. g3 c5 4. Bg2 cxd4 5. Nf3 d6 6. Nxd4 Be7 7.
Nc3 O-O 8. O-O Nbd7 9. b3 a6 10. Bb2 Qc7 11. e4 Re8 12. Qd2 Bf8 13. Rfd1 Rb8 14. Rac1 b6 15. f4 Bb7 16. a4 Nc5 17. Qc2 e5 18. Nf5 exf4 19. gxf4 d5 20. e5 dxc4 21.
exf6 Qxf4 22. Rf1 cxb3 23. Qd1 Qg5 24. Nd5 Nxa4 25. Rb1 Rbd8 26. Nde7+ Rxe7 27. Nxe7+ Bxe7 28. Qe2 Bc5+ 29. Kh1 Bxg2+ 30. Qxg2 Qxg2+ 31. Kxg2 Rd2+ 32. Kh1 Rxb2 33. Ra1 b5 34. Rad1 gxf6 35. Rxf6 Rc2 36. Rff1 b2 37. Rd8+ Kg7 38. Rd3 Rc1 39. Rdd1 Rxd1 40.
Rxd1 Nc3 41. Re1 b1=Q 42. Rxb1 Nxb1 43. Kg2 b4 44. Kh3 b3 45. Kg4 Nc3 46. h4 b2 47.
h5 b1=Q 48. h6+ Kg6 49. Kh4 Qf5 50. Kg3 Bd6+ 51. Kg2 Kxh6 52. Kg1 Qg4+ 53. Kf2 Bc5+ 54. Kf1 Qg1# 0-1

[Event "*** Titled Tuesday Blitz"]
[Site "Chess.com"]
[Date "2020.05.19"]
[Round "2"]
[White "SGchess01"]
[Black "CrushingKings"]
[Result "0-1"]
[WhiteElo "2727"]
[BlackElo "2510"]
[TimeControl "180+1"]
[EndTime "12:18:28 PDT"]
[Termination "CrushingKings won by checkmate"]

1. e4 c6 2. d4 g6 3. Nf3 Bg7 4. c4 d5 5. e5 Bg4 6. Nc3 e6 7. cxd5 exd5 8. h3 Bxf3 9. Qxf3 Nd7 10. h4 h5 11. Bd3 Nf8 12. Be3 Qd7 13. O-O-O O-O-O 14. Kb1 Ne6 15. g3 Kb8 16. Bf1 Bh6 17. Bh3 Bxe3 18.
fxe3 Nh6 19. Rhf1 Rdf8 20. e4 Rd8 21. exd5 cxd5 22. Qe3 Ng4 23. Bxg4 hxg4 24. Rf6 Ng7 25. Rdf1 Nf5 26. Qf4 Qe7 27. Nb5 a6 28. Rxf7 Qb4 29.
e6+ Ka8 30. Nc7+ Ka7 31. a3 Qb6 32. e7 Rc8 33. Nxd5 Qe6 34. Rxf5 gxf5 35. Qxf5 Qe2 36. Rf2 Qd1+ 37. Ka2 Rc1 38. b3 Ra1+ 39. Kb2 Qc1# 0-1

[Event "*** Titled Tuesday Blitz"]
[Site "Chess.com"]
[Date "2020.05.19"]
[Round "2"]
[White "LostaBet95"]
[Black "Dare-Dare"]
[Result "1-0"]
[WhiteElo "2538"]
[BlackElo "2229"]
[TimeControl "180+1"]
[EndTime "12:18:28 PDT"]
[Termination "LostaBet95 won on time"]

1. e4 e6 2. d4 d5 3. Nc3 Bb4 4.
e5 c5 5. a3 Bxc3+ 6. bxc3 Qa5 7.
Bd2 Ne7 8. Qg4 O-O 9. Bd3 Nbc6 10. Nf3 f5 11. exf6 Rxf6 12. Qh5 Nf5 13. c4 Qa4 14.
cxd5 exd5 15. dxc5 Bd7 16. O-O g6 17. Qg5 Raf8 18. Bc3 d4 19. Bd2 h6 20. Qg4 Bc8 21. Qh3 h5 22. Bg5 Ne3 23. Qh4 Nxg2 24. Kxg2 Rxf3 25.
Bxg6 Rh3 26. Qe4 Bg4 27. f3 Bxf3+ 28. Rxf3 Rhxf3 29. Bh4 Qc4 30. Bxh5 R3f6 31. Bxf6 Rxf6 32. Re1 Kg7 33. Qg4+ Kh6 34. Be8 Qxc2+ 35. Re2 1-0

[Event "*** Titled Tuesday Blitz"]
[Site "Chess.com"]
[Date "2020.05.19"]
[Round "2"]
[White "Kislov_Oleg"]
[Black "ChessWarrior7197"]
[Result "0-1"]
[WhiteElo "2344"]
[BlackElo "2919"]
[TimeControl "180+1"]
[EndTime "12:18:28 PDT"]
[Termination "ChessWarrior7197 won by resignation"]

1. e4 c5 2. Nf3 d6 3. c3 Nf6 4. Be2 g6 5. O-O Bg7 6. Re1 O-O 7. Bf1 Bg4 8. h3 Bxf3 9. Qxf3 Nc6 10. d3 b5 11. a3 a5 12. Nd2 Nd7 13. Qd1 Rb8 14. Nf3 b4 15. axb4 axb4 16. d4 bxc3 17. bxc3 cxd4 18.
cxd4 e5 19. dxe5 dxe5 20. Ba3 Re8 21. Bc4 Nd4 22. Nxd4 exd4 23. f4 Qc7 24. Qd3 Rbc8 25. Rac1 Qa7 26. Bxf7+ Kxf7 27. Qb3+ Kf6 28. e5+ Kf5 29.
Qf7+ Bf6 30. exf6 d3+ 31. Kh2 Qd4 32. Rxe8 Qxf4+ 33. Kh1 Rxc1+ 34. Bxc1 Qxc1+ 35. Kh2 Qf4+ 36. Kh1 Nxf6 37. Qe6+ Kg5 38. Qe3 Nh5 39. Qxf4+ Kxf4 40. Rd8 Ke3 41. Kg1 d2 42. Kf1 Ng3+ 43. Kg1 Ne2+ 44.
Kf1 Nd4 45. Re8+ Kd3 46. Re1 dxe1=Q+ 0-1

[Event "*** Titled Tuesday Blitz"]
[Site "Chess.com"]
[Date "2020.05.19"]
[Round "2"]
[White "TheoSlade"]
[Black "Shushik"]
[Result "1-0"]
[WhiteElo "2397"]
[BlackElo "2081"]
[TimeControl "180+1"]
[EndTime "12:18:28 PDT"]
[Termination "TheoSlade won by checkmate"]

1. d4 d5 2. c4 e6 3. Nc3 Be7 4. cxd5 exd5 5. Bf4 Nf6 6. e3 O-O 7. Bd3 c5 8. Nge2 Nc6 9. dxc5 Bxc5 10. O-O a6 11.
Bg5 Be7 12. Nd4 Nxd4 13. exd4 h6 14. Bh4 b5 15. Rc1 Be6 16. Re1 Kh8 17. Ne2 Bg4 18.
f3 Bd7 19. Bb1 Re8 20. Qd3 g6 21. Nf4 Bf5 22. Qe3 Bxb1 23. Qxe7 Rxe7 24. Bxf6+ Kg8 25. Bxe7 Qb6 26. Bc5 Qb8 27. Nxd5 Bxa2 28. Re8+ Qxe8 29. Nf6+ Kg7 30. Nxe8+ Rxe8 31. Ra1 Bc4 32. b4 Re6 33. Kf2 Kf6 34. Rd1 Re2+ 35. Kg3 Kg5 36. d5 h5 37. h4+ Kf6 38. d6 Be6 39. d7 Bxd7 40. Rxd7 Rc2 41. Rd6+ Kf5 42. Rxa6 Rb2 43. Bd4 Rxb4 44.
Rf6# 1-0

[Event "*** Titled Tuesday Blitz"]
[Site "Chess.com"]
[Date "2020.05.19"]
[Round "2"]
[White "AndrewMaco"]
[Black "Sebastian"]
[Result "0-1"]
[WhiteElo "2554"]
[BlackElo "2909"]
[TimeControl "180+1"]
[EndTime "12:18:29 PDT"]
[Termination "Sebastian won by resignation"]

1. e4 e5 2. Nf3 Nc6 3. Bb5 Nf6 4. O-O Nxe4 5. Re1 Nd6 6. Nxe5 Be7 7. Bf1 Nf5 8. d4 Nfxd4 9. Nc3 O-O 10. Nd5 Ne6 11. Nxe7+ Qxe7 12. b3 Nxe5 13. Rxe5 Qf6 14. Bb2 d6 15.
Rxe6 Qxe6 16. Bc4 Qg6 17. h4 Bg4 18. f3 Be6 19. Bd3 Qg3 20. h5 Qf4 21. Qc1 Qxc1+ 22. Rxc1 h6 23. Kf2 Rfe8 24. g4 f6 25. Rg1 Bd5 26.
f4 Be4 27. g5 Bxd3 28. cxd3 fxg5 29. fxg5 hxg5 30. Rxg5 Re7 31. h6 Rf8+ 32. Kg3 Rff7 33. hxg7 Rxg7 34. Bxg7 Rxg7 35. Kf4 Rxg5 36. Kxg5 Kf7 37.
Kf5 c5 38. a3 b5 39. a4 bxa4 40. bxa4 a5 41. Kf4 Kf6 42. Kf3 Ke5 43. Ke3 Kd5 44. Kd2 Kd4 45. Kc2 Ke3 46. Kc3 d5 47. Kc2 d4 48. Kb3 Kxd3 49. Ka3 Kc3 50. Ka2 Kc2 0-1

[Event "*** Titled Tuesday Blitz"]
[Site "Chess.com"]
[Date "2020.05.19"]
[Round "2"]
[White "GoldenShare"]
[Black "Isajevsky_Anton"]
[Result "0-1"]
[WhiteElo "2630"]
[BlackElo "2414"]
[TimeControl "180+1"]
[EndTime "12:18:29 PDT"]
[Termination "Isajevsky_Anton won by resignation"]

1. e4 c5 2. Nf3 d6 3. d4 cxd4 4. Nxd4 Nf6 5. Nc3 a6 6. h3 e5 7. Nde2 h5 8. Bg5 Be6 9. Bxf6 Qxf6 10. Nd5 Qd8 11. Nec3 g6 12. Bc4 Nc6 13. O-O Bg7 14.
Ne3 O-O 15. Ncd5 Bh6 16. c3 Kg7 17. a4 Rc8 18. Ba2 Ne7 19. Nxe7 Qxe7 20. Nd5 Qg5 21. Kh1 Rfd8 22. f4 exf4 23. Nxf4 Bxa2 24. Rxa2 Qe5 25. Nd5 Qxe4 26. b4 Re8 27. Raf2 f5 28. Nb6 Rxc3 29.
Qa1 Qd4 30. Rf3 Be3 31. Rd1 Rd3 32. Qxd4+ Rxd4 33. Re1 f4 34. g3 g5 35. gxf4 gxf4 36. a5 Re5 37. Rg1+ Kf7 38. Nd7 Bxg1 39. Nxe5+ dxe5 40. Kxg1 Rxb4 41. Rb3 Rxb3 0-1

[Event "*** Titled Tuesday Blitz"]
[Site "Chess.com"]
[Date "2020.05.19"]
[Round "2"]
[White "agrigo3"]
[Black "nurgyulsalimova"]
[Result "0-1"]
[WhiteElo "2284"]
[BlackElo "2581"]
[TimeControl "180+1"]
[EndTime "12:18:29 PDT"]
[Termination "nurgyulsalimova won on time"]

1. Nf3 d5 2. g3 Nf6 3. Bg2 e6 4. O-O Be7 5. c4 O-O 6. d4 dxc4 7. Ne5 Qd6 8. Nxc4 Qa6 9. b3 Rd8 10. Bb2 c5 11. e3 cxd4 12. exd4 Bd7 13. Nbd2 Bc6 14.
Nf3 Nbd7 15. Re1 Bb4 16. Re2 Rac8 17. h3 Bb5 18. Rc2 Bxc4 19. bxc4 Nb6 20. Ne5 Bd6 21. f4 Bxe5 22. fxe5 Nfd7 23. Qe1 Nxc4 24. d5 Qb6+ 25. Qf2 Qxf2+ 26. Rxf2 Nxb2 27. Rxb2 b6 28. dxe6 fxe6 29. Re2 Rc5 30. Rd1 Kf8 31. Rd6 Ke7 0-1

[Event "*** Titled Tuesday Blitz"]
[Site "Chess.com"]
[Date "2020.05.19"]
[Round "2"]
[White "DortmundCity"]
[Black "GMALMEIDA"]
[Result "0-1"]
[WhiteElo "2470"]
[BlackElo "2696"]
[TimeControl "180+1"]
[EndTime "12:18:30 PDT"]
[Termination "GMALMEIDA won by resignation"]

1. e4 d6 2. d4 Nf6 3. Nc3 c6 4.
f4 Qa5 5. Bd3 e5 6. dxe5 dxe5 7.
Nf3 Bg4 8. fxe5 Nfd7 9. h3 Bxf3 10. Qxf3 Nxe5 11. Qg3 g6 12. O-O Bg7 13. Qh4 O-O 14. Bh6 Nbd7 15. Bxg7 Kxg7 16. Kh1 Qd8 17. Qg3 Qe7 18.
Rad1 Nc5 19. Be2 a5 20. a3 b5 21. Bxb5 cxb5 22. Nd5 Qd6 23. Nf4 Qb8 24. Nh5+ Kh8 25.
Nf6 Ra6 26. Qg5 Rxf6 27. Qxf6+ Kg8 28. Rd5 Ncd7 29. Qa6 Qc7 30. Qxb5 Re8 31. Qxa5 Qxc2 32. Rfd1 Nf6 33. R1d2 Qb1+ 34. Rd1 Qxe4 35. R5d2 Nh5 36.
Qc3 Qf4 37. Rd4 Ng3+ 38. Kg1 Ne2+ 0-1

[Event "*** Titled Tuesday Blitz"]
[Site "Chess.com"]
[Date "2020.05.19"]
[Round "2"]
[White "Bossche-CM"]
[Black "Salem-AR"]
[Result "0-1"]
[WhiteElo "2458"]
[BlackElo "3042"]
[TimeControl "180+1"]
[EndTime "12:18:30 PDT"]
[Termination "Salem-AR won on time"]

1. e4 c5 2. b3 Nc6 3. Bb2 e5 4. Bc4 Nf6 5. Nc3 d6 6. d3 g6 7. Nge2 Bg7 8. O-O O-O 9. Nd5 Nxd5 10. Bxd5 Ne7 11. c4 Nxd5 12. exd5 g5 13. Ng3 f5 14. Re1 g4 15. f3 gxf3 16. Qxf3 Qg5 17. Re2 Qg6 18.
h3 Bd7 19. Rf1 Rae8 20. Kh2 Rf7 21. Qh5 b5 22. Qxg6 hxg6 23. Kg1 a5 24. h4 Bh6 25. h5 gxh5 26. Nxh5 f4 27. g3 f3 28. Rh2 Be3+ 29. Kh1 bxc4 30. dxc4 Bg4 31. Rh4 Bxh5 32. Rxh5 Bd4 33. Bc1 e4 34. Bf4 Rh7 35. Rxh7 Kxh7 36. Kh2 e3 0-1

[Event "*** Titled Tuesday Blitz"]
[Site "Chess.com"]
[Date "2020.05.19"]
[Round "2"]
[White "MFguimaraes"]
[Black "Kapibara_Warri0r"]
[Result "1-0"]
[WhiteElo "2500"]
[BlackElo "2071"]
[TimeControl "180+1"]
[EndTime "12:18:30 PDT"]
[Termination "MFguimaraes won on time"]

1. e4 e5 2. Nf3 Nc6 3. Bc4 Nf6 4. Ng5 d5 5. exd5 Na5 6. Bb5+ c6 7. dxc6 bxc6 8.
Be2 h6 9. Nh3 Bxh3 10. gxh3 Bc5 11. O-O Nd5 12. Bf3 Nf4 13. Bg2 O-O 14. d3 Nxg2 15.
Kxg2 Qh4 16. Qg4 Qxg4+ 17. hxg4 Nb7 18. Be3 f5 19. gxf5 Rxf5 20. Nc3 Raf8 21. Ne4 Bxe3 22. fxe3 Rxf1 23. Rxf1 Rxf1 24. Kxf1 Kf7 25. b4 Ke6 26. c4 a5 27. a3 axb4 28. axb4 g5 29. d4 exd4 30.
exd4 Kf5 31. Ng3+ Kf4 32. Ke2 Nd6 33. Kd3 h5 34. Nxh5+ Kf3 35. Nf6 Kg2 36. Nh7 g4 37. Nf6 Kh3 38. c5 Nf5 39. Ke4 Nh4 40. Kf4 Ng2+ 41.
Kg5 Ne3 42. Kf4 1-0

[Event "*** Titled Tuesday Blitz"]
[Site "Chess.com"]
[Date "2020.05.19"]
[Round "2"]
[White "fabianvivasz"]
[Black "ElHelvetico"]
[Result "0-1"]
[WhiteElo "2303"]
[BlackElo "2581"]
[TimeControl "180+1"]
[EndTime "12:18:30 PDT"]
[Termination "ElHelvetico won on time"]

1. e4 c5 2. Nf3 d6 3. d4 cxd4 4. Nxd4 Nf6 5. Nc3 a6 6. Rg1 e5 7. Nb3 Be6 8. g4 d5 9. g5 Nxe4 10. Nxe4 dxe4 11. Be3 Qxd1+ 12. Rxd1 Nc6 13. c3 f5 14.
gxf6 gxf6 15. Be2 Rd8 16. Bh5+ Bf7 17. Bg4 Rxd1+ 18. Kxd1 Rg8 19. Rg3 Ne7 20. Bc5 Nd5 21. Bf5 Rxg3 22. hxg3 Bxc5 23. Nxc5 e3 24. f3 b6 25.
Nxa6 Bg6 26. Bxg6+ hxg6 27. Ke2 b5 28. Nc5 Ke7 29. Nd3 Kd6 30. Ne1 f5 31. Nc2 f4 32.
gxf4 exf4 33. Kd3 g5 34. b3 Ke5 35. c4 bxc4+ 36. bxc4 Nb6 37. a3 Nd7 38. Ke2 Nc5 39.
Ne1 Kd4 0-1

[Event "*** Titled Tuesday Blitz"]
[Site "Chess.com"]
[Date "2020.05.19"]
[Round "2"]
[White "Alomaterapia"]
[Black "Kobalia"]
[Result "0-1"]
[WhiteElo "2511"]
[BlackElo "2803"]
[TimeControl "180+1"]
[EndTime "12:18:31 PDT"]
[Termination "Kobalia won on time"]

1. d4 Nf6 2. c4 g6 3. Nc3 Bg7 4. e4 O-O 5. h3 d6 6. Be3 Nbd7 7.
g4 e5 8. d5 Nc5 9. f3 a5 10.
Nge2 c6 11. Ng3 a4 12. Qd2 Qa5 13. h4 Bxg4 14. fxg4 Nxg4 15. Bg1 f5 16. Be2 Bh6 17. Qc2 Ne3 18. Bxe3 Bxe3 19. exf5 a3 20. b4 Qxb4 21. Rb1 Qa5 22. h5 gxf5 23. Rh3 f4 24. Nf5 Na4 25. Rxb7 Qxc3+ 26. Qxc3 Nxc3 27. Ne7+ Kg7 28. dxc6 Kh6 29.
c7 e4 30. Bg4 Nxa2 31. c8=Q Raxc8 32. Bxc8 Nc3 33. Nf5+ Rxf5 34. Bxf5 a2 35. Ra7 Bxa7 36.
Rxc3 a1=Q+ 37. Kd2 Be3+ 38. Kc2 Qa2+ 0-1

[Event "*** Titled Tuesday Blitz"]
[Site "Chess.com"]
[Date "2020.05.19"]
[Round "2"]
[White "Munkhzul_Turmunkh"]
[Black "1stSecond"]
[Result "0-1"]
[WhiteElo "2479"]
[BlackElo "2710"]
[TimeControl "180+1"]
[EndTime "12:18:31 PDT"]
[Termination "1stSecond won by resignation"]

1. e4 e5 2. Nf3 Nc6 3. Bb5 a6 4. Ba4 Nf6 5. O-O Be7 6. Re1 b5 7. Bb3 d6 8. c3 O-O 9. h3 Na5 10. Bc2 c5 11. d4 Nd7 12. Nbd2 exd4 13. cxd4 Nc6 14. d5 Nce5 15. a4 Bb7 16. Nxe5 Nxe5 17.
f4 Ng6 18. Nf3 Re8 19. f5 Nf8 20. axb5 axb5 21. Rxa8 Qxa8 22. g4 Nd7 23. Bf4 Qa2 24.
Qb1 Qc4 25. Bd3 Qb4 26. Bd2 Qa4 27. Bc2 Qa6 28. Bf4 Bf6 29. Qa1 Qb6 30. Kg2 h6 31. Qa3 Ra8 32. Qb3 Ra4 33. h4 Rb4 34. Qd3 c4 35.
Qe2 Rxb2 36. g5 hxg5 37. hxg5 Bc3 38. Rh1 b4 39. Be3 Rxc2 40. Qxc2 Qxe3 41. Qf2 Qxe4 42. Rh4 Qxd5 43. f6 Ne5 44. Rh3 Nxf3 45. Rxf3 Qxf3+ 46. Qxf3 Bxf3+ 47. Kxf3 gxf6 0-1

[Event "*** Titled Tuesday Blitz"]
[Site "Chess.com"]
[Date "2020.05.19"]
[Round "2"]
[White "GasconJR"]
[Black "Arjun2002"]
[Result "0-1"]
[WhiteElo "2414"]
[BlackElo "2655"]
[TimeControl "180+1"]
[EndTime "12:18:31 PDT"]
[Termination "Arjun2002 won on time"]

1. d4 d5 2. c4 c6 3. Nf3 Nf6 4. Nc3 e6 5. g3 dxc4 6. Bg2 Nbd7 7. O-O b5 8. e4 Bb7 9. b3 b4 10. e5 Nd5 11. Ne4 c3 12. h4 h6 13. a3 a5 14. Re1 c5 15. Bf1 Qb6 16. dxc5 Nxc5 17. axb4 axb4 18. Rxa8+ Bxa8 19. Nd6+ Bxd6 20. exd6 O-O 21.
Qd4 Qxd6 22. Bf4 Qe7 23. Be5 f6 24. Bf4 Nxb3 25. Qc4 Nxf4 26. Qxf4 Bxf3 27. Bc4 Nd2 28. Rxe6 Qf7 29. Rxf6 Nxc4 30. Rxf7 Rxf7 31. Qxc4 Bd1 32.
Kf1 c2 33. Ke1 b3 34. Qxb3 c1=Q 0-1

[Event "*** Titled Tuesday Blitz"]
[Site "Chess.com"]
[Date "2020.05.19"]
[Round "2"]
[White "ChessQueen"]
[Black "diablanni"]
[Result "0-1"]
[WhiteElo "2606"]
[BlackElo "2331"]
[TimeControl "180+1"]
[EndTime "12:18:31 PDT"]
[Termination "diablanni won by resignation"]

1. Nf3 c5 2. g3 g6 3. Bg2 Nf6 4. O-O Nc6 5. d4 cxd4 6. Nxd4 Bg7 7. c4 O-O 8. Nb3 d6 9. Nc3 Be6 10. Nd5 Rc8 11. Bg5 Nd7 12. Qd2 Re8 13. Rfc1 Nce5 14. Na5 Bxd5 15. Bxd5 b6 16. Nb3 Qc7 17. Nd4 e6 18. Nb5 Qb8 19. Bg2 Nxc4 20. Rxc4 Rxc4 21. Qxd6 Rc5 22. Qxd7 Rxg5 23. Nd6 Rf8 24. Rc1 Rc5 25. Rxc5 bxc5 26. b3 Qd8 27. Qc6 Qb6 28. Qd7 Qa5 29.
a4 Qe1+ 30. Bf1 Qd2 31. Qc6 Qd5 32. Qxd5 exd5 33. e3 Rd8 34. Nb7 Rc8 35. Nd6 Rb8 36.
Bg2 d4 37. exd4 cxd4 38. Bd5 Rd8 39. Bxf7+ Kf8 0-1

[Event "*** Titled Tuesday Blitz"]
[Site "Chess.com"]
[Date "2020.05.19"]
[Round "2"]
[White "patchi0423"]
[Black "Ranindu2003"]
[Result "0-1"]
[WhiteElo "2260"]
[BlackElo "2462"]
[TimeControl "180+1"]
[EndTime "12:18:31 PDT"]
[Termination "Ranindu2003 won by resignation"]

1. e4 g6 2. d4 Bg7 3. Nc3 d6 4. f4 a6 5. Nf3 b5 6. a3 Bb7 7. Be3 Nd7 8. Bd3 Ngf6 9. h3 O-O 10. g4 c5 11. g5 Nh5 12. d5 e6 13. O-O b4 14. axb4 cxb4 15. Na4 exd5 16. Nd2 dxe4 17. Bxe4 Bxe4 18. Nxe4 Qe7 19. Qd5 Rfe8 20. Nxd6 Qxe3+ 21. Rf2 Qe6 22. Qd3 Re7 23. f5 gxf5 24. Nxf5 Ne5 25. Nxe7+ Qxe7 26. Qe4 Re8 27. Qf5 Ng3 28. Qf4 Nh5 29.
Qh4 Ng6 30. Qxh5 Bd4 31. Rf1 Bxf2+ 32. Rxf2 Qe3 33. Kg2 Qe4+ 34. Kg3 Qe3+ 35. Rf3 Qe5+ 36. Kg2 Qe2+ 37. Kg3 Re3 38. Qg4 Qe1+ 39. Kg2 Re2+ 0-1

[Event "*** Titled Tuesday Blitz"]
[Site "Chess.com"]
[Date "2020.05.19"]
[Round "2"]
[White "pirulillo"]
[Black "NormWeinstein"]
[Result "0-1"]
[WhiteElo "2239"]
[BlackElo "2454"]
[TimeControl "180+1"]
[EndTime "12:18:31 PDT"]
[Termination "NormWeinstein won by checkmate"]

1. e4 c5 2. Nf3 d6 3. d4 Nf6 4. Nc3 cxd4 5. Nxd4 Nc6 6. Bg5 Bd7 7. Bxf6 gxf6 8. Nb3 f5 9. Bd3 fxe4 10. Nxe4 Bg7 11.
c3 Rc8 12. O-O Ne5 13. f4 Nxd3 14. Qxd3 Qb6+ 15. Kh1 Bb5 16. Qg3 Kf8 17. Rfe1 Bc6 18. Ng5 h6 19. Nf3 Rg8 20. Qh4 Rc7 21. Nbd4 Qc5 22. Nxc6 bxc6 23. Rad1 e6 24. Nd4 Rc8 25. Rxe6 Bxd4 26. cxd4 Qd5 27. Qxh6+ Rg7 28. Rf6 Re8 29. Rf1 Re2 30. Qh3 Rgxg2 31. Rxf7+ Kxf7 32. Qf3 Qxf3 33. Rxf3 Rxb2 34. Rf1 Rxh2+ 35. Kg1 Rbg2# 0-1

[Event "*** Titled Tuesday Blitz"]
[Site "Chess.com"]
[Date "2020.05.19"]
[Round "2"]
[White "Sychev_Klementy"]
[Black "kintoho"]
[Result "1-0"]
[WhiteElo "2838"]
[BlackElo "2438"]
[TimeControl "180+1"]
[EndTime "12:18:32 PDT"]
[Termination "Sychev_Klementy won by resignation"]

1. e4 c5 2. Nf3 Nf6 3. e5 Nd5 4. Nc3 e6 5. Nxd5 exd5 6. d4 Nc6 7. dxc5 Bxc5 8. Qxd5 d6 9. exd6 Qb6 10. Qe4+ Be6 11.
Qh4 Bxd6 12. Bd3 Nb4 13. O-O Nxd3 14. cxd3 O-O 15. b3 Bf5 16. Be3 Qa6 17. d4 Rac8 18. d5 h6 19. Bf4 Rfd8 20. Rfd1 Bg6 21. Bxd6 Rxd6 22. Rd2 Re8 23. Qc4 Be4 24. Re1 f5 25. Nh4 Red8 26. Red1 b5 27. Qc5 Qb6 28. Qxb6 axb6 29.
f3 Bxd5 30. Nxf5 R6d7 31. Rxd5 Rxd5 32. Rxd5 Ra8 33. Rxb5 Rxa2 34. Rxb6 Kf7 35. h3 h5 36.
b4 g6 37. Nd6+ Ke6 38. Ne4+ Kf5 39. Rf6+ Ke5 40. Rxg6 Rb2 41. b5 Kf5 42. Rg5+ Kf4 43. Rxh5 Rb4 44. Kh2 Rb2 45. Nf6 Rd2 46. Nd5+ 1-0

[Event "*** Titled Tuesday Blitz"]
[Site "Chess.com"]
[Date "2020.05.19"]
[Round "2"]
[White "CakeinSpace2002"]
[Black "PotapovaM"]
[Result "0-1"]
[WhiteElo "2203"]
[BlackElo "2434"]
[TimeControl "180+1"]
[EndTime "12:18:32 PDT"]
[Termination "PotapovaM won by resignation"]

1. e4 c5 2. Nf3 d6 3. d4 cxd4 4.
Qxd4 Nc6 5. Bb5 Bd7 6. Bxc6 Bxc6 7. Nc3 Nf6 8. Bg5 e6 9. O-O-O Be7 10. Rhe1 O-O 11.
e5 dxe5 12. Qh4 Qc7 13. Nxe5 Rfd8 14. Ng4 Rxd1+ 15. Rxd1 Nxg4 16. Bxe7 Nh6 17. Bd6 Nf5 18. Bxc7 Nxh4 19. g3 Nf3 20. h4 f6 21. Rd8+ Rxd8 22. Bxd8 Kf7 23. Bc7 e5 24. Bb8 a6 25. b4 Ke6 26. a4 h5 27. b5 axb5 28. axb5 Bd7 29. Ba7 g5 30. Kb2 gxh4 31. gxh4 Nxh4 32. Kb3 Nf3 33. Kb4 h4 34. Ne2 h3 35. Ng3 f5 36. c4 f4 37. Nh1 h2 38. Ka5 Ke7 39.
Bc5+ Kd8 40. Kb6 Kc8 41. Bd6 Bh3 42. c5 Bg2 43. c6 bxc6 44. Kxc6 Bxh1 45. b6 Nd2+ 46. Kc5 Bb7 47. Bxe5 h1=Q 48. Bxf4 Qc6+ 0-1

[Event "*** Titled Tuesday Blitz"]
[Site "Chess.com"]
[Date "2020.05.19"]
[Round "2"]
[White "chessuriel"]
[Black "kasparicy"]
[Result "1/2-1/2"]
[WhiteElo "2180"]
[BlackElo "2407"]
[TimeControl "180+1"]
[EndTime "12:18:33 PDT"]
[Termination "Game drawn by repetition"]

1. e4 c5 2. Nf3 d6 3. d4 cxd4 4. Nxd4 Nf6 5. Nc3 a6 6. Bc4 e6 7.
Bb3 Nbd7 8. Bg5 Nc5 9. f4 Be7 10.
Qf3 Qc7 11. O-O-O b5 12. Rhe1 Bb7 13. f5 e5 14. Bxf6 Nxb3+ 15. Nxb3 Bxf6 16. Nd5 Bxd5 17. Rxd5 Rc8 18. Qd3 O-O 19. Kb1 Be7 20. Nc1 Qb6 21. Rd1 Rc4 22. Ne2 Rfc8 23. f6 Bxf6 24.
Rxd6 R4c6 25. Nc3 g6 26. Rd7 Qf2 27. Rf1 Qh4 28. Nd5 Kg7 29. Qf3 Re8 30. Qb3 Ree6 31. Nc7 Rxc7 32. Rxc7 Kg8 33. Rc8+ Kg7 34. Rc7 Kg8 35.
Rd1 Qxe4 36. Rc8+ Kg7 37. Rc7 Kg8 38. Rc8+ Kg7 39. Rc7 Kg8 1/2-1/2

[Event "*** Titled Tuesday Blitz"]
[Site "Chess.com"]
[Date "2020.05.19"]
[Round "2"]
[White "GigaQuparadze"]
[Black "Herracek"]
[Result "0-1"]
[WhiteElo "2853"]
[BlackElo "2557"]
[TimeControl "180+1"]
[EndTime "12:18:34 PDT"]
[Termination "Herracek won by resignation"]

1. e3 c5 2. d4 Nf6 3. c4 cxd4 4. exd4 d5 5. Nc3 g6 6. Nf3 Bg7 7. cxd5 Nxd5 8. Qa4+ Nc6 9. Bc4 Nb6 10. Qb3 Nxc4 11.
Qxc4 O-O 12. d5 Na5 13. Qb4 b6 14. Bg5 Ba6 15. O-O-O f6 16. Be3 Rc8 17. Nd4 Rc4 18. Qb3 Nxb3+ 19. axb3 Rxc3+ 20. bxc3 Qxd5 21. Kb2 Rc8 22.
f3 f5 23. Rhe1 Qa5 24. Bd2 Qc5 25. b4 Qc4 26. Ne2 Bb7 27. Ra1 Qd3 28. Rad1 Qc4 29. Ra1 Qxb4+ 30. Kc2 Bd5 31. Rxa7 Qb3+ 32. Kc1 Bxc3 33.
Nxc3 Rxc3+ 34. Bxc3 Qxc3+ 35. Kd1 Qd3+ 36. Kc1 Bb3 37. Rc7 e6 38. f4 b5 39. g3 b4 40.
Re5 Bd5 41. Kb2 Qb3+ 42. Kc1 Qa3+ 43. Kd2 Qb2+ 44. Rc2 Qd4+ 45. Kc1 b3 46. Rc8+ Kf7 47. Re2 Qa1+ 48. Kd2 b2 49. Rc7+ Kf6 50. g4 fxg4 51. f5 gxf5 52. Rxh7 b1=Q 53. Rh6+ Kg5 54. h4+ Kxh6 55.
Rxe6+ Bxe6 0-1

[Event "*** Titled Tuesday Blitz"]
[Site "Chess.com"]
[Date "2020.05.19"]
[Round "2"]
[White "grandcoach"]
[Black "aNaartjieZA"]
[Result "0-1"]
[WhiteElo "2061"]
[BlackElo "2589"]
[TimeControl "180+1"]
[EndTime "12:18:34 PDT"]
[Termination "aNaartjieZA won on time"]

1. e4 e6 2. Nf3 d5 3. e5 c5 4.
b4 d4 5. Bd3 Ne7 6. bxc5 Nbc6 7. Na3 Ng6 8. Nc4 Bxc5 9. O-O O-O 10. Re1 b5 11. Nd6 Bxd6 12. exd6 a6 13. a4 b4 14. Be4 Qxd6 15. Bb2 Rb8 16. Bxc6 Qxc6 17.
Nxd4 Qd5 18. Qf3 Bb7 19. Qxd5 Bxd5 20. a5 Rfc8 21. Re3 Rc5 22. c3 bxc3 23. Bxc3 Bc4 24. g3 Ne7 25. Nf3 f6 26. Bd4 Rf5 27. Rc3 Bb5 28. Nh4 Rd5 29. Bb6 Rxd2 30. Rc7 Nd5 31. Ra7 Nxb6 32. axb6 Rxb6 33. Rc1 Rc6 34. Rxc6 Bxc6 35.
f3 Bb5 36. Re7 Bc4 37. Rc7 Bb5 38. Ng2 Rd7 39. Rc8+ Kf7 40. Nf4 a5 41. Ra8 a4 42.
h4 e5 43. Ng2 Rd1+ 44. Kf2 Rd2+ 45. Kg1 Rd3 0-1

[Event "*** Titled Tuesday Blitz"]
[Site "Chess.com"]
[Date "2020.05.19"]
[Round "2"]
[White "H3nriqueTV"]
[Black "zmeeed67"]
[Result "0-1"]
[WhiteElo "2101"]
[BlackElo "2400"]
[TimeControl "180+1"]
[EndTime "12:18:34 PDT"]
[Termination "zmeeed67 won on time"]

1. e4 c5 2. Nf3 e6 3. b3 Nc6 4. Bb2 d5 5. exd5 exd5 6. d4 Nf6 7. Nc3 Bg4 8. Bb5 Bxf3 9. gxf3 Bd6 10. Qe2+ Be7 11. O-O-O O-O 12. Bxc6 bxc6 13. Rhg1 Re8 14. Qd3 a5 15. dxc5 Bxc5 16. Na4 Be7 17. Rg3 Rb8 18. Rdg1 g6 19. h4 Bf8 20. Rg5 Bh6 21. Qd4 Bg7 22. Qd3 Qd6 23. h5 Qf4+ 24. Kb1 Nxh5 25.
Rxh5 Bxb2 26. Nxb2 a4 27. Rhh1 a3 28. Nd1 c5 29.
Ne3 c4 30. Qxd5 Qf6 31. Nxc4 Rec8 32. Qe5 Qxf3 0-1